 Dungeon Crawl Stone Soup version 0.23.2-1-ga50397a6bc (webtiles) character file.

Game seed: 14542994396036260823

216 H0rd4k the Charlatan (level 6, 0/44 HPs)
             Began as a Human Artificer on Apr 29, 2019.
             Slain by an orc priest
             ... wielding a +0 mace
              (3 damage)
             ... on level 3 of the Dungeon on Apr 30, 2019.
             The game lasted 00:07:35 (3951 turns).

H0rd4k the Charlatan (Human Artificer)              Turns: 3951, Time: 00:07:36

Health: 0/44       AC:  3    Str: 13 (14) XL:     6   Next: 16%
Magic:  8/8        EV: 12    Int: 10 (12) God:
Gold:   76         SH:  0    Dex: 12 (13) Spells: 5/5 levels left

rFire    . . .     SeeInvis .   a - +0 short sword
rCold    . . .     Gourm    .   (no shield)
rNeg     . . .     Faith    .   b - +0 leather armour
rPois    .         Spirit   .   (no helmet)
rElec    .         Reflect  .   (no cloak)
rCorr    .         Harm     .   (no gloves)
MR       .....                  (no boots)
Stlth    +.........             (no amulet)
HPRegen  0.14/turn              (no ring)
MPRegen  0.11/turn              (no ring)

@: no status effects
A: no striking features
a: no special abilities


You were on level 3 of the Dungeon.
You were near starving.

You visited 1 branch of the dungeon, and saw 4 of its levels.

You collected 76 gold pieces.

Inventory:

Hand Weapons
 a - a +0 short sword (weapon)
 p - a +2 dagger of distortion
Armour
 b - a +0 leather armour (worn)
Jewellery
 l - an uncursed ring of protection from magic {unknown}
Wands
 c - a wand of flame (3)
 d - a wand of enslavement (13)
Scrolls
 g - 2 scrolls of identify {unknown}
 h - 2 scrolls of remove curse {unknown}
 j - a scroll of amnesia {unknown}
 m - a scroll of enchant weapon {unknown}
 o - 3 scrolls of teleportation {unknown}
 r - a scroll of fog {unknown}
Potions
 i - a potion of brilliance
 n - a potion of degeneration
Comestibles
 f - 4 rations


   Skills:
 + Level 1.9 Fighting
 + Level 2.7 Short Blades
 + Level 2.6 Armour
 + Level 2.9 Dodging
 + Level 1.4 Stealth
 + Level 3.8 Evocations


You had 5 spell levels left.
You didn't know any spells.
Your spell library contained the following spells:

 Spells                   Type           Power        Failure   Level  Hunger
 Animate Skeleton         Necr           N/A          43%         1    ##.....
 Apportation              Tloc           #.....       43%         1    ##.....
 Confusing Touch          Hex            #.....       43%         1    ##.....
 Summon Small Mammal      Summ           #...         43%         1    ##.....


Dungeon Overview and Level Annotations

Branches:
Dungeon (4/15)
 Temple: D:4-7

Altars:
Ashenzari
Cheibriados

Annotations:
D:1 exclusion: 2 downstairs
D:2 Sigmund
D:3 exclusion: upstairs


Message History

The orc priest closely misses you.
You hit the orc priest.
The orc priest is severely wounded.
You hit the orc priest.
The orc priest is almost dead.
The orc priest invokes the aid of Beogh against you.
Beogh smites you!
* * * LOW HITPOINT WARNING * * *
You closely miss the orc priest.
The orc priest is almost dead.
The orc priest hits you with a +0 mace.
* * * LOW HITPOINT WARNING * * *
You closely miss the orc priest.
The orc priest is almost dead.
The orc priest hits you with a +0 mace.
* * * LOW HITPOINT WARNING * * *
You hit the orc priest.
The orc priest is almost dead.
The orc priest hits you with a +0 mace.
You die...

#.......#.#.# ###...........#
#...........## #...........#
......#.###..## #...........#
........####..####.[.........#
....#....# ##...>..........(.#
..####...#######............##
..# ##...........##........##
..# ##....##.###.##..........#
..###..........o@##..........#
..........##..#..##..........#
....##......#....##..........#
....##....#.#................#
#.#.#######.#......#........##
#.#..######........##......##
#.##.##......##....#########
#.##........###....#
#.#####.....# #....#


You could see an orc priest.

Vanquished Creatures
  2 orc wizards
  Jessica (D:2)
  Natasha (D:2)
  2 worker ants (D:4)
  A hound skeleton (D:4)
  A worm (D:3)
  3 orcs (D:3)
  A giant cockroach (D:3)
  6 goblins
  6 hobgoblins
  9 jackals
  A bat (D:2)
  3 frilled lizards
  7 kobolds
  4 rats
48 creatures vanquished.

Notes
Turn   | Place    | Note
-------+----------+-------------------------------------------
     0 | D:1      | H0rd4k the Human Artificer began the quest for the Orb.
     0 | D:1      | Reached XP level 1. HP: 15/15 MP: 3/3
   241 | D:1      | Reached XP level 2. HP: 12/21 MP: 4/4
   433 | D:1      | HP: 1/21 [jackal (2)]
  1112 | D:2      | Noticed Natasha
  1119 | D:2      | Noticed a crimson imp
  1278 | D:2      | Noticed Jessica
  1279 | D:2      | Killed Jessica
  1279 | D:2      | Reached skill level 1 in Armour
  1279 | D:2      | Reached XP level 3. HP: 26/26 MP: 5/5
  1283 | D:2      | Noticed Sigmund
  1561 | D:2      | Reached XP level 4. HP: 14/32 MP: 6/6
  2151 | D:2      | Killed Natasha
  2151 | D:2      | Reached XP level 5. HP: 28/37 MP: 7/7
  3239 | D:2      | Found a snail-covered altar of Cheibriados.
  3239 | D:2      | Found a shattered altar of Ashenzari.
  3536 | D:4      | Reached XP level 6. HP: 13/44 MP: 8/8
  3951 | D:3      | Slain by an orc priest

Skill      XL: |  1  2  3  4 |
---------------+-------------+-----
Armour         | 1 2 |  2.6
Short Blades   | 2 |  2.7
Fighting       | |  1.9
Dodging        | |  2.9
Stealth        | |  1.4
Evocations     | |  3.8

Action                   |  1- 3 |  4- 6 || total
-------------------------+-------+-------++-------
Melee: Short sword       |   101 |   135 ||   236
Evoke: Wand              |     6 |    23 ||    29
  Use: Potion            |       |     5 ||     5
 Stab: Sleeping          |     1 |     1 ||     2
  Eat: Chunk             |     1 |     7 ||     8
Armor: Leather armour    |    27 |    18 ||    45
Dodge: Dodged            |    81 |    84 ||   165
